 Dungeon Crawl Stone Soup version 0.21-a0-113-g6841d05 (webtiles) character file.

182 Kidiri the Magician (level 5, 0/28 HPs)
             Began as a Deep Elf Fire Elementalist on July 12, 2017.
             Slain by a big kobold
             ... wielding a +0 whip
              (6 damage)
             ... in a sewer.
             The game lasted 00:08:35 (2728 turns).

Kidiri the Magician (Deep Elf Fire Elementalist)    Turns: 2728, Time: 00:08:36

Health: 0/28       AC:  2    Str: 10    XL:     5   Next: 34%
Magic:  8/15       EV: 13    Int: 26    God:
Gold:   86         SH:  0    Dex: 15    Spells: 3/16 levels left

rFire    . . .     SeeInvis .   g - +1 dagger
rCold    . . .     Gourm    .   (no shield)
rNeg     . . .     Faith    .   a - +0 robe
rPois    .         Spirit   .   (no helmet)
rElec    .         Reflect  .   (no cloak)
rCorr    .         Harm     .   (no gloves)
MR       .....                  (no boots)
Stlth    ++........             (no amulet)
HPRegen  0.09/turn              (no ring)
MPRegen  0.14/turn              (no ring)

@: mighty, brilliant
A: no striking features
a: no special abilities


You were in a sewer.
You were hungry.

You visited 1 branch of the dungeon, and saw 3 of its levels.
You also visited: Sewer.

You collected 86 gold pieces.

Inventory:

Hand Weapons
 g - a +1 dagger (weapon)
 v - a +0 blowgun
Missiles
 w - 9 poisoned needles
 x - 11 stones (quivered)
Armour
 a - a +0 robe (worn)
 f - a +0 buckler
 t - the +1 leather armour of Words of Power {Regen+ Slay+3, unknown}
   (You found it in a sewer)

   It affects your accuracy and damage with ranged weapons and melee attacks
   (+3).
   It increases your rate of regeneration.
Wands
 l - a wand of confusion (26/48)
Scrolls
 q - a scroll of amnesia
 r - 2 scrolls of remove curse
Potions
 d - a potion of cancellation
 e - 2 potions of heal wounds {unknown}
 h - a potion of curing
 j - 2 potions of might
 k - a potion of flight {unknown}
 n - 5 potions of brilliance
 o - a potion of agility {unknown}
 p - a potion of degeneration {unknown}
Books
 b - a book of Flames

   Spells                             Type                      Level
   a - Flame Tongue                   Conjuration/Fire             1
   b - Throw Flame                    Conjuration/Fire             2
   c - Conjure Flame                  Conjuration/Fire             3
   d - Inner Flame                    Hexes/Fire                   3
   e - Sticky Flame                   Conjuration/Fire             4
   f - Fireball                       Conjuration/Fire             5
Comestibles
 c - 3 bread rations
 i - 2 royal jellies
 m - 3 meat rations
 s - 3 chunks of flesh
 u - an inedible chunk of flesh


   Skills:
 - Level 2.4 Dodging
 - Level 2.4 Stealth
 * Level 6.0 Spellcasting
 + Level 3.1 Conjurations
 + Level 4.0 Fire Magic


You had 3 spell levels left.
You knew the following spells:

 Your Spells              Type           Power        Failure   Level  Hunger
a - Flame Tongue          Conj/Fire      #####        1%          1    None
b - Throw Flame           Conj/Fire      #####.       1%          2    None
c - Conjure Flame         Conj/Fire      #####...     1%          3    None
d - Inner Flame           Hex/Fire       ####....     1%          3    None
e - Sticky Flame          Conj/Fire      #####...     1%          4    ###....


Dungeon Overview and Level Annotations

Branches:
Dungeon (3/15)

Altars:


Message History

The big kobold hits you with a whip.
* * * LOW HITPOINT WARNING * * *
Unknown command.
Unknown command.
It was a potion of brilliance.
You feel clever all of a sudden.
* * * LOW HITPOINT WARNING * * *
You feel sick.
The big kobold burns!
The kobold barely misses you. The big kobold barely misses you.
It was a potion of might.
You feel very mighty all of a sudden.
* * * LOW HITPOINT WARNING * * *
You feel sick.
The big kobold burns!
The kobold closely misses you. The kobold hits you with a short sword.
* * * LOW HITPOINT WARNING * * *
The big kobold closely misses you.
It was a potion of curing.
You feel better.
The big kobold burns!
The kobold hits you but does no damage. The kobold barely misses you.
The big kobold hits you with a whip.
You die...

#### ### #######P.## #...#
#.........##.....
##................
######.................
#..!.#.................
#....KK.....P..........
#.∩!)K@....≈≈≈≈..≈≈P..≈
#..?.#....P≈P≈≈≈≈≈P...≈
#################≈≈≈#######
#≈≈≈≈≈≈≈≈≈≈≈≈≈≈≈≈≈≈≈≈≈≈≈≈≈≈
#≈≈≈≈≈≈≈≈≈≈≈≈≈≈≈≈≈≈≈≈≈≈≈≈≈≈
#≈≈≈≈≈≈≈≈≈≈≈≈≈≈≈≈≈≈≈≈≈≈≈≈≈≈
###'########≈≈############≈
#...#....#.P≈≈P≈........P≈≈
#.∩.#.∩..'..≈P≈≈..P......≈≈


You could see a big kobold (burning) and 2 kobolds.

Vanquished Creatures
  A big kobold (Sewer)
  4 adders
  A river rat (D:3)
  2 oozes
  2 worms
  An orc (D:3)
  3 ball pythons (Sewer)
  4 bats
  8 giant cockroaches
  2 goblins (D:1)
  6 hobgoblins
  3 jackals (D:3)
  15 kobolds
  5 frilled lizards
  9 rats
66 creatures vanquished.

Notes
Turn   | Place    | Note
-------+----------+-------------------------------------------
     0 | D:1      | Kidiri the Deep Elf Fire Elementalist began the quest for the Orb.
     0 | D:1      | Reached XP level 1. HP: 10/10 MP: 6/6
   795 | D:1      | Reached XP level 2. HP: 11/15 MP: 4/8
   799 | D:1      | Learned a level 2 spell: Throw Flame
  1394 | D:2      | Reached skill level 4 in Spellcasting
  1554 | D:2      | Reached XP level 3. HP: 15/19 MP: 8/10
  1559 | D:2      | Learned a level 3 spell: Conjure Flame
  1563 | D:2      | Learned a level 3 spell: Inner Flame
  2253 | D:3      | Reached XP level 4. HP: 24/24 MP: 10/12
  2253 | D:3      | Reached skill level 5 in Spellcasting
  2282 | D:3      | Found a glowing drain.
  2291 | Sewer    | Entered a sewer
  2388 | Sewer    | Learned a level 4 spell: Sticky Flame
  2539 | Sewer    | Got a pearl-encrusted leather armour
  2582 | Sewer    | Noticed a big kobold
  2597 | Sewer    | Killed a big kobold
  2597 | Sewer    | Reached skill level 6 in Spellcasting
  2597 | Sewer    | Reached XP level 5. HP: 27/28 MP: 0/15
  2727 | Sewer    | HP: 1/28 [kobold/short sword (2)]
  2728 | Sewer    | Slain by a big kobold

Vault maps used:
D:1:      dpeg_arrival_three_same_balls
D:3:      portal_sewer_entry_a, uniq_jessica
Sewer:    kennysheep_pipe_town

Skill      XL: |  1  2  3  4 |
---------------+-------------+-----
Spellcasting   | 4 6 |  6.0
Conjurations   | 2 3 |  3.1
Fire Magic     | 4 |  4.0
Dodging        | |  2.4
Stealth        | |  2.4

Action                   |  1- 3 |  4- 6 || total
-------------------------+-------+-------++-------
Melee: Dagger            |    14 |     4 ||    18
 Cast: Flame Tongue      |    56 |    52 ||   108
       Throw Flame       |     3 |     2 ||     5
       Sticky Flame      |       |     1 ||     1
  Use: Scroll            |     7 |       ||     7
       Potion            |       |     3 ||     3
 Stab: Sleeping          |       |     1 ||     1
  Eat: Chunk             |     4 |     1 ||     5
Armor: Robe              |     3 |     3 ||     6
Dodge: Dodged            |    22 |    38 ||    60
